Kradschützen Motorcycle Team
Construct Light Support Kompanie
Construct Mechanized Kompanie
254 Reconnaissance Tractor
Construct Panzerarmee Kommand
Selects Italian Combined Arms Battlegroup
Selects Semovente da 75/18 Assault Gun
Selects Bersaglieri Squad
Selects Vehicle Support - Secure Location
Selects Vehicle Support - Force Recon
Walking Stuka Rocket Launcher
Walking Stuka Rocket Launcher
Walking Stuka Rocket Launcher
Walking Stuka Rocket Launcher